 Dungeon Crawl Stone Soup version 0.31-a0-1576-ga3383bade6 (webtiles) character file.

Game seed: 6436862188784130796

42 monsoonserge the Grasshopper (level 3, -2/29 HPs)
             Began as an Armataur Warper on Jan 5, 2024.
             Succumbed to a kobold's poison
             ... on level 2 of the Dungeon.
             The game lasted 00:03:45 (830 turns).

monsoonserge the Grasshopper (Armataur Warper)       Turns: 830, Time: 00:03:45

Health: -2/29      AC:  4    Str: 16 (18) XL:     3   Next: 35%
Magic:  5/5        EV:  9    Int: 12 (13) God:
Gold:   73         SH:  0    Dex: 13 (15) Spells: 3/5 levels left

rFire   + . .        p - +3 spear of Bankruptcy {pain, rF+ rC+ SInv}
rCold   + . .        (no shield)
rNeg    . . .        b - +0 leather armour
rPois   .            (no helmet)
rElec   .            (no cloak)
rCorr   +            (no gloves)
SInv    +            (no barding)
Will    .....        (no amulet)
Stlth   +            h - +6 ring of dexterity
HPRegen 0.24/turn    n - ring of resist corrosion
MPRegen 0.09/turn

%: roll
@: lethally poisoned (-2 -> -31)
A: large, deformed body, tough skin 3, armoured tail, roll 1
a: no special abilities


You were on level 2 of the Dungeon.
You visited 1 branch of the dungeon, and saw 2 of its levels.

You collected 73 gold pieces.

Inventory:

Hand Weapons
 a - a +0 mace
 p - the +3 spear of Bankruptcy (weapon) {pain, rF+ rC+ SInv}
   (You found it on level 2 of the Dungeon)

   rF+:       It protects you from fire.
   rC+:       It protects you from cold.
   SInv:      It lets you see invisible.
Missiles
 d - 7 darts of dispersal (quivered)
Armour
 b - a +0 leather armour (worn)
Jewellery
 h - a +6 ring of dexterity (left hand)
 n - a ring of resist corrosion (right hand)
Scrolls
 c - a scroll of blinking
 e - a scroll of poison {unknown}
 f - a scroll of fog {unknown}
 g - a scroll of immolation {unknown}
 i - a scroll of acquirement {unknown}
 j - a scroll of teleportation {unknown}
 k - a scroll of enchant weapon {unknown}
 l - a scroll of identify {unknown}
 r - a scroll of torment {unknown}
 s - a scroll of enchant armour {unknown}
Potions
 m - 2 potions of degeneration
 o - a potion of berserk rage {unknown}
 q - a potion of heal wounds {unknown}


   Skills:
 + Level 2.0 Fighting
 + Level 2.0 Maces & Flails
 - Level 1.0 Throwing
 + Level 1.2 Armour
 + Level 1.6 Dodging
 + Level 1.4 Stealth
 + Level 1.9 Spellcasting
 + Level 3.5 Translocations


You had 3 spell levels left.
You knew the following spells:

 Your Spells              Type           Power      Damage    Failure   Level
a - Blink                 Tloc           18%        N/A       12%         2

Your spell library contained the following spells:

 Spells                   Type           Power      Damage    Failure   Level
 Lesser Beckoning         Tloc           18%        N/A       12%         2
 Teleport Other           Tloc           9%         N/A       24%         3
 Manifold Assault         Tloc           9%         N/A       61%         4
 Vhi's Electric Charge    Tloc/Air       10%        N/A       85%         4


Dungeon Overview and Level Annotations

Branches:
Dungeon (2/15)

Altars:


Innate Abilities, Weirdness & Mutations

Armour fits poorly on your strangely shaped body.
You have extremely tough skin. (AC +3)
You have a long armoured tail.
You regenerate magic when rolling toward enemies. (Rampage MPRegen)


Message History

Okay, then.
You hit the hobgoblin.
The hobgoblin is almost dead.
The hobgoblin closely misses you.
You completely miss the kobold.
The kobold hits you with a +0 short sword of venom.
You are poisoned.
The hobgoblin misses you. The hobgoblin closely misses you.
An endoplasm comes into view.
The kobold hits you with a +0 short sword of venom.
You are more poisoned.
You hit the hobgoblin but do no damage.
The hobgoblin is almost dead.
You feel very sick. The hobgoblin hits you.
The kobold hits you but does no damage.
You hit the hobgoblin but do no damage.
The hobgoblin is almost dead.
You feel very sick. The hobgoblin misses you.
The kobold hits you with a +0 short sword of venom.
You are lethally poisoned!
You hit the hobgoblin but do no damage.
You tail-slap the hobgoblin, but do no damage.
The hobgoblin is almost dead.
You feel very sick.
The hobgoblin hits you but does no damage.
The kobold hits you with a +0 short sword of venom.
* * * LOW HITPOINT WARNING * * *
You are more poisoned.
You closely miss the hobgoblin.
The hobgoblin is almost dead.
* * * LOW HITPOINT WARNING * * *
You feel very sick.
The hobgoblin hits you but does no damage.
The kobold hits you but does no damage.
You are more poisoned.
It was a potion of degeneration.
There was something very wrong with that liquid.
You feel weakened.
You feel dopey.
You feel clumsy.
You die...

# ....[....##.###..##
##..####....###..# ##.#
####.##..## #.###
#......# #######...#
#.####'### #.........#
#..#......# #.........#
#.##......#
#.....$...##..##......#
#.$J.g@...#..# #......#
#....K...>..####..†...#
................#......#
.......................#
..$#######.............#
.. #.............# .
#..........†..#
#.............#
######......##♣♣...#


You could see an endoplasm, a hobgoblin and a kobold.

Vanquished Creatures
  An adder (D:2)
  5 endoplasms
  2 giant cockroaches (D:1)
  2 goblins (D:1)
  4 hobgoblins
  A quokka (D:1)
  6 ball pythons
  4 bats
  4 frilled lizards
  2 kobolds
31 creatures vanquished.

Notes
Turn   | Place    | Note
-------+----------+-------------------------------------------
     0 | D:1      | monsoonserge the Armataur Warper began the quest for the
                  | Orb.
     0 | D:1      | Reached XP level 1. HP: 17/17 MP: 3/3
    71 | D:1      | Reached skill level 1 in Throwing
   209 | D:1      | Reached XP level 2. HP: 24/24 MP: 4/4
   415 | D:1      | Learned a level 2 spell: Blink
   729 | D:2      | Identified the +3 spear of Bankruptcy {pain, rF+ rC+ SInv}
   773 | D:2      | Reached skill level 1 in Stealth
   773 | D:2      | Reached XP level 3. HP: 29/29 MP: 5/5
   830 | D:2      | Succumbed to a kobold's poison

Illustrated notes

Levels and vault maps discovered:
D:1:      dpeg_arrival_ternary, layout_loops_cross, minmay_tromino_v4_b
D:2:      layout_basic, serial_shops, nicolae_shop_hallway_plus,
          minmay_hedge_maze, serial_bayou_ford_a, minmay_strange_pillars,
          uniq_natasha

Skill      XL: |  1  2 |
---------------+-------+-----
Throwing       | 1 |  1.0
Fighting       | 2 |  2.0
Maces & Flails | 2 |  2.0
Stealth        | 1 |  1.4
Armour         | |  1.2
Dodging        | |  1.6
Spellcasting   | |  1.9
Translocations | |  3.5

Action                     || total
---------------------------++-------
  Melee: Mace              ||    58
         Tailslap          ||     8
         Spear             ||    26
         Punch             ||     1
    Use: Potion            ||     1
   Stab: Sleeping          ||     3
 Armour: Leather armour    ||    51
  Dodge: Dodged            ||    39

Table legend: (Time is in decaauts)
 A = Elapsed time spent in this place.
 B = Non-inter-level travel time spent in this place.
 C = Inter-level travel time spent in this place.
 D = Time resting spent in this place.
 E = Time spent auto-exploring this place.
 F = Levels seen in this place.
 G = Mean time per level.
                   A        B        C        D        E       F      G
               +--------+--------+--------+--------+--------+-----+--------+
         Total |    848 |    802 |     46 |      0 |    497 |   2 |  424.0 |
       Dungeon |    848 |    802 |     46 |      0 |    497 |   2 |  424.0 |
               +--------+--------+--------+--------+--------+-----+--------+

Top non-repeatable levels by time:
     D:1: 686 daAuts
     D:2: 162 daAuts
